Cogmind - Beta 15 @@@ ROGUE MODE // 2025.10.10 @ 21:03:20 Player: Guke117 Result: Self-destructed Performance ------------- Evolutions (1) 500 Regions Visited (4) 800 Robots Destroyed (26) 130 Value Destroyed (847) 847 Prototype IDs (1) 20 Alien Tech Used (0) 0 Bonus (149) 149 TOTAL SCORE: 2446 Bonus ------- Follower Combat Kills 149 Cogmind --------- Core Integrity 160/400 Matter 300/300 Energy 265/265 System Corruption 0% Temperature Warning (315) Movement Walking (120) Location -9/Storage Parts ------- > --- POWER (1) -------- Reinforced Ion Engine > --- PROPULSION (4) --- Aluminum Leg Aluminum Leg Aluminum Leg Aluminum Leg > --- UTILITY (2) ------ Large Storage Unit Splice Drone Bay (6/6) > --- WEAPON (2) ------- (None) > --- INVENTORY (15) --- Reinforced Ion Engine Reinforced Ion Engine Medium Laser Medium Laser Beam Rifle Assault Rifle Rocket Launcher Peak State ------------ > --- POWER ------------ Reinforced Ion Engine > --- PROPULSION ------- Aluminum Leg Aluminum Leg Aluminum Leg Aluminum Leg > --- UTILITY ---------- Large Storage Unit Splice Drone Bay > --- WEAPON ----------- Medium Laser Medium Laser > --- INVENTORY -------- Ion Engine Ion Engine Ion Engine Aluminum Leg Aluminum Leg Aluminum Leg Aluminum Leg Medium Laser Medium Laser Beam Rifle Assault Rifle Rocket Launcher [Rating: 17] Favorites ----------- Power Ion Engine Engine Ion Engine Propulsion Aluminum Leg Leg Aluminum Leg Utility Sensor Array Device Sensor Array Storage Large Storage Unit Weapon Medium Laser Energy Gun Medium Laser Ballistic Gun Light Assault Rifle Build | -11 -10 -10 -9 -9 ------- Run | Yrd Mat Min Mat Sto Slots Evolved 2 | . . . 2 . Power . | . . . . . Propulsion 2 | . . . 2 . Utility . | . . . . . Weapon . | . . . . . Parts Attached 25 | 6 8 . 6 5 Power 3 | 1 1 . 1 . Engine 3 | 1 1 . 1 . Core . | . . . . . Reactor . | . . . . . Propulsion 10 | 2 2 . 2 4 Treads . | . . . . . Leg 10 | 2 2 . 2 4 Wheel . | . . . . . Hover . | . . . . . Flight . | . . . . . Utility 6 | 1 3 . 1 1 Device 2 | . 1 . . 1 Storage 4 | 1 2 . 1 . Processor . | . . . . . Hackware . | . . . . . Protection . | . . . . . Artifact . | . . . . . Weapon 6 | 2 2 . 2 . Energy Gun 4 | . 2 . 2 . Energy Cannon . | . . . . . Ballistic Gun 2 | 2 . . . . Ballistic Cannon . | . . . . . Launcher . | . . . . . Special Weapon . | . . . . . Impact Weapon . | . . . . . Slashing Weapon . | . . . . . Piercing Weapon . | . . . . . Special Melee Weapon . | . . . . . Unidentified Prototypes . | . . . . . Parts Lost 8 | . 5 . . 3 Power 1 | . 1 . . . Propulsion 2 | . 2 . . . Utility 1 | . . . . 1 Weapon 4 | . 2 . . 2 Highest Loss Streak 5 | . 5 . . 2 To Critical Strikes . | . . . . . Average Backups 9 | 2 9 10 10 8 Power 1 | . 1 2 2 2 Propulsion 2 | 1 2 4 2 1 Utility 1 | . 3 . 1 . Weapon 3 | . 1 3 4 5 Tool/Special . | . . . . . Unused Backups 22 | . 8 2 3 9 Power 5 | . . 1 . 4 Propulsion 4 | . 2 . 2 . Utility 6 | . 6 . . . Weapon 7 | . . 1 1 5 Tool/Special . | . . . . . Average Slot Usage (%) 98 | . 93 100 99 98 Engine 11 | . 12 14 11 11 Leg 36 | . 25 28 43 44 Device 11 | . 11 14 11 9 Storage 12 | . 15 14 11 11 Energy Gun 20 | . 12 28 22 22 Ballistic Gun 3 | . 15 . . . Peak Build Rating 17 | 6 8 8 12 17 Average Rating 10 | 5 7 7 10 15 On Entrance 6 | . 6 8 8 12 Naked Turns . | . . . . . Heaviest Build 42 | 12 18 18 35 42 Greatest Support 40 | 20 20 20 40 40 Greatest Overweight (x) 4 | 1 4 . . 1 Average Overweight (x) . | . . . . . Largest Inventory Capacity 15 | 8 10 10 15 15 Average Capacity 12 | 7 9 10 13 15 Most Carried 14 | 4 10 10 14 13 Average Carried 9 | 3 9 9 10 8 Final Capacity 15 | 8 10 10 15 15 Final Carried 13 | 4 10 10 13 7 Class Distribution -------------------- 80% | Scavenger-Mutant 19% | Mutant Dominant Class ---------------- Mutant | -10/Materials Scavenger-Mutant | -10/Mines Scavenger-Mutant | -9/Materials Scavenger-Mutant | -9/Storage Resources | -11 -10 -10 -9 -9 ----------- Run | Yrd Mat Min Mat Sto Matter Collected 523 | 204 158 . 60 101 Remotely . | . . . . . Salvage Created 980 | . 268 48 297 367 Parts 52 | . 13 9 19 11 Haulers Intercepted . | . . . . . Recyclers Shooed 1 | . . . . 1 Parts Field Recycled . | . . . . . Retrieved Matter . | . . . . . Parts Self-Destructed . | . . . . . Prevented . | . . . . . Kills | -11 -10 -10 -9 -9 ------- Run | Yrd Mat Min Mat Sto Combat Hostiles Destroyed 22 | . 6 3 6 7 Guns 22 | . 6 3 6 7 Classes Destroyed 5 | . 1 1 3 . Watcher 4 | . . . 3 1 Swarmer 3 | . . 3 . . Grunt 12 | . 6 . 4 2 Brawler 1 | . . . 1 . Sentry 6 | . . . 1 5 Best Kill Streak 3 | . 3 3 3 2 Combat Bots Only 3 | . 3 3 3 2 Max Kills in Single Turn 2 | . 1 2 1 1 Gunslinging 1 | . . 1 . . Exploded . | . . . . . Melee . | . . . . . Uniques/NPCs Destroyed . | . . . . . Combat | -11 -10 -10 -9 -9 -------- Run | Yrd Mat Min Mat Sto Hostile Shots Fired 166 | . 68 3 27 68 Missed 47 | . 16 2 10 19 Hits 119 | . 52 1 17 49 Projectile 119 | . 52 1 17 49 Critical Strikes 5 | . . 1 1 3 Damage Taken 1702 | . 718 10 252 722 Core 458 | . 208 10 50 190 Absorbed by Shields . | . . . . . Core Remaining (%) 56 | 100 . 12 . . Volleys Fired 100 | . 30 2 28 40 Largest 2 | . 2 2 2 2 Hottest 100 | . 70 70 100 100 Shots Fired 194 | . 56 4 56 78 Gun 194 | . 56 4 56 78 Cannon . | . . . . . Launcher . | . . . . . Special . | . . . . . Kinetic 48 | . 48 . . . Thermal 146 | . 8 4 56 78 Explosive . | . . . . . Electromagnetic . | . . . . . Robot Hit Streak 13 | . 7 3 7 13 Robot Miss Streak 6 | . 4 1 6 1 Penetration Max . | . . . . . Secondary Targets 3 | . . 1 1 1 Max Gunslinging Chain 1 | . . 1 1 1 Shots Hit Robots 117 | . 37 3 29 48 Core Hits 52 | . 15 3 15 19 Critical Kills . | . . . . . Critical Parts Destroyed . | . . . . . Critical Strikes 6 | . . . 1 5 Burn 6 | . . . 1 5 Melee Attacks . | . . . . . Impact . | . . . . . Slashing . | . . . . . Piercing . | . . . . . Sneak Attacks . | . . . . . Combat Hostiles . | . . . . . Follow-up Attacks . | . . . . . Damage Inflicted 1387 | . 319 28 397 643 Guns 1371 | . 308 28 397 638 Cannons . | . . . . . Explosions . | . . . . . Melee . | . . . . . Ramming 16 | . 11 . . 5 Kinetic 244 | . 244 . . . Thermal 1127 | . 64 28 397 638 Explosive . | . . . . . Electromagnetic . | . . . . . Impact . | . . . . . Slashing . | . . . . . Piercing . | . . . . . Highest Corruption . | . . . . . Average Corruption . | . . . . . Corruption Purged . | . . . . . Corruption Blocked . | . . . . . Overload Shots . | . . . . . Overflow Damage . | . . . . . Projectiles . | . . . . . Explosions . | . . . . . Melee . | . . . . . Knockbacks . | . . . . . Impact . | . . . . . Kinetic . | . . . . . Secondary . | . . . . . Self-Inflicted Damage . | . . . . . Shots . | . . . . . Rammed . | . . . . . Targets Rammed 6 | . 5 . . 1 Kicked 6 | . 5 . . 1 Crushed . | . . . . . Highest Temperature 423 | . 37 40 186 423 Average Temperature 105 | . 14 20 70 153 Received Heat Transfer 729 | . 402 . 96 231 Effects 5 | . . . . 5 Shutdowns 2 | . . . . 2 Interference 1 | . . . . 1 Matter Decay 1 | . . . . 1 Damage (minor) 1 | . . . . 1 Siege Activations . | . . . . . Martial Activations . | . . . . . Shielding Activations . | . . . . . Robots Disrupted . | . . . . . Combat Hostiles . | . . . . . Robots Corrupted . | . . . . . Combat Hostiles . | . . . . . Parts Fried . | . . . . . Impact Corruptions . | . . . . . Robots Melted . | . . . . . Combat Hostiles . | . . . . . Parts Melted 6 | . . . 1 5 Heat Transferred 3692 | . 150 75 1210 2257 Parts Sabotaged . | . . . . . Parts Stolen . | . . . . . Parts Stripped . | . . . . . Power Chain Reactions . | . . . . . Alert | -11 -10 -10 -9 -9 ------- Run | Yrd Mat Min Mat Sto Maximum Alert Level 1 | . . . 1 . Low Security (%) 98 | 100 100 100 91 100 Level 1 1 | . . . 8 . Level 2 . | . . . . . Level 3 . | . . . . . Level 4 . | . . . . . Level 5 . | . . . . . High Security . | . . . . . Max Security . | . . . . . Peak Influence 218 | . 70 81 218 96 Initial 63 | . . . 27 63 Average 42 | . 18 3 98 49 Influence Increases 834 | . 150 81 380 223 Destroy 0b10 Robot/C 540 | . 120 60 220 140 Destroy 0b10 Robot/NC 20 | . . . 15 5 Destroy Leader 178 | . 30 10 76 62 Allied During Kill 31 | . . 11 20 . Successful Hack 4 | . . . 4 . Destroy Structure 1 | . . . . 1 Lose Combat Pursuer 60 | . . . 45 15 Influence Decreases 824 | . 150 10 301 363 Entered New Map 131 | . . . 44 87 Time Decay 554 | . 100 10 198 246 Lost Part 80 | . 50 . . 30 Lost Ally 59 | . . . 59 . Squads Dispatched 5 | . 3 . 2 . Investigation 2 | . 1 . 1 . Extermination . | . . . . . Reinforcement 3 | . 2 . 1 . Assault . | . . . . . Garrison . | . . . . . Intercept . | . . . . . Searches Triggered . | . . . . . Construction Impeded . | . . . . . Haulers Reinforced . | . . . . . Active Scanning Responses . | . . . . . Cargo Convoy Interrupts . | . . . . . Stealth | -11 -10 -10 -9 -9 --------- Run | Yrd Mat Min Mat Sto Distress Signals 5 | . 3 . 1 1 Communications Jammed . | . . . . . Distress Signals . | . . . . . Times Spotted 39 | . 11 3 15 10 Peak Tracking Total 7 | . 6 3 7 3 Tactical Retreats 3 | . . . 2 1 Traps | -11 -10 -10 -9 -9 ------- Run | Yrd Mat Min Mat Sto Traps Triggered 1 | . . . 1 . Indirectly . | . . . . . Trap Hack Attempts . | . . . . . Triggered . | . . . . . Disarmed . | . . . . . Reprogrammed . | . . . . . Reused . | . . . . . Traps Extracted . | . . . . . Installed . | . . . . . Triggered . | . . . . . Machines | -11 -10 -10 -9 -9 ---------- Run | Yrd Mat Min Mat Sto Machines Disabled . | . . . . . Max in Single Turn . | . . . . . Garrison Access 1 | . . . . 1 Machines Repaired . | . . . . . Machines Dismantled . | . . . . . Machines Sabotaged . | . . . . . Overloaded Fab Kills . | . . . . . Hacking | -11 -10 -10 -9 -9 --------- Run | Yrd Mat Min Mat Sto Machines Accessed 5 | . . 1 3 1 Terminals 2 | . . . 2 . Fabricators . | . . . . . Repair Stations . | . . . . . Recycling Units . | . . . . . Scanalyzers 1 | . . . 1 . Garrison Access 1 | . . . . 1 Total Hacks 8 | . . 1 6 1 Successful 6 | . . 1 4 1 Failed 2 | . . . 2 . Catastrophic . | . . . . . Database Lockouts . | . . . . . Manual . | . . . . . Terminals 5 | . . . 5 . Fabricators . | . . . . . Repair Stations . | . . . . . Recycling Units . | . . . . . Scanalyzers 1 | . . . 1 . Garrison Access 1 | . . . . 1 Terminal Hacks 4 | . . 1 3 . Robot Analysis 1 | . . . 1 . Open Door 1 | . . 1 . . Alert Level 1 | . . . 1 . Locate Traps 1 | . . . 1 . Fabricator Hacks . | . . . . . Repair Station Hacks . | . . . . . Recycling Unit Hacks . | . . . . . Scanalyzer 1 | . . . 1 . Insert Component 1 | . . . 1 . Garrison Access Hacks 1 | . . . . 1 Seal Access 1 | . . . . 1 Unauthorized Hacks . | . . . . . Terminals . | . . . . . Fabricators . | . . . . . Repair Stations . | . . . . . Recycling Units . | . . . . . Scanalyzers . | . . . . . Garrison Access . | . . . . . Data Cores Recovered . | . . . . . Used . | . . . . . Hacking Detections 1 | . . . 1 . Full Trace Events 1 | . . . 1 . Feedback Events . | . . . . . Feedback Blocked . | . . . . . Robot Schematics Acquired . | . . . . . Robots Built . | . . . . . Authchips . | . . . . . Time . | . . . . . Total Robot Build Rating . | . . . . . Part Schematics Acquired . | . . . . . Parts Built . | . . . . . Authchips . | . . . . . Time . | . . . . . Total Part Build Rating . | . . . . . Parts Repaired . | . . . . . Time . | . . . . . Parts Recycled . | . . . . . Recycled Matter . | . . . . . Retrieved Matter . | . . . . . Retrieved Components . | . . . . . Parts Scanalyzed . | . . . . . Part Schematics Acquired . | . . . . . Parts Damaged . | . . . . . Bothacking | -11 -10 -10 -9 -9 ------------ Run | Yrd Mat Min Mat Sto Used RIF Installer . | . . . . . Robots Hacked . | . . . . . Non-combat . | . . . . . Combat . | . . . . . Robot Hacks Applied . | . . . . . Relay Couplers Released . | . . . . . Fabnet Peak Effective % . | . . . . . Robots Rewired . | . . . . . Allies Hacked . | . . . . . Hacks Repelled . | . . . . . Allies | -11 -10 -10 -9 -9 -------- Run | Yrd Mat Min Mat Sto Total Allies 3 | . . 3 . . Largest Group 3 | . . 3 3 . Highest-Rated Group 40 | . . 40 40 . Highest-Rated Ally 16 | . . 16 16 . Total Orders . | . . . . . Ally Attacks 48 | . . . 48 . Total Damage 421 | . . . 421 . Kills 5 | . . . 5 . Allies Corrupted . | . . . . . Allies Melted . | . . . . . Intel | -11 -10 -10 -9 -9 ------- Run | Yrd Mat Min Mat Sto Active Infowar (turns) 1081 | . 305 289 406 81 Sensors 1081 | . 305 289 406 81 Robot Analysis Total 1 | . . . 1 . Derelict Logs Recovered 1 | . . 1 . . Drone Launches . | . . . . . Drone Recoveries . | . . . . . Exploration | -11 -10 -10 -9 -9 ------------- Run | Yrd Mat Min Mat Sto Turns Passed 1723 | 138 368 289 406 522 Spaces Moved 947 | 64 193 235 233 222 Core 6 | 3 3 . . . Treads . | . . . . . Legs 941 | 61 190 235 233 222 Wheels . | . . . . . Hover . | . . . . . Flight . | . . . . . Fastest Speed 50 | 50 120 120 120 120 Average Speed 132 | 122 124 120 120 167 Slowest Speed 250 | 190 250 120 120 190 Overloaded Moves . | . . . . . Propulsion Burnouts . | . . . . . Robots Hopped . | . . . . . Potential Cave-ins . | . . . . . Cave-ins Triggered . | . . . . . Exploration Rate (%) 34 | 4 37 70 25 36 Regions Visited 4 Branch Regions 2 Pre-discovered Areas 1 | . . 1 . . Known Exits Taken . | . . . . . Unknown Exits Taken 4 | 1 1 1 1 . Scrap Searched . | . . . . . Spaces Dug . | . . . . . Terrain Destroyed . | . . . . . Melee . | . . . . . Projectile . | . . . . . AOE . | . . . . . Terrain Rammed . | . . . . . Walls Destroyed . | . . . . . Machines Disabled . | . . . . . Actions | -11 -10 -10 -9 -9 --------- Run | Yrd Mat Min Mat Sto Total 1237 | 121 275 240 306 295 Wait 108 | 48 15 . 27 18 Move 943 | 63 192 234 232 222 Hop . | . . . . . Pick Up 30 | 4 15 2 7 2 Fast Attach 15 | 6 7 . 2 . Attach 4 | . 1 . 2 1 Detach . | . . . . . Swap 6 | . . . 2 4 Drop 25 | . 10 2 6 7 Fire 100 | . 30 2 28 40 Melee . | . . . . . Ram . | . . . . . Kick 6 | . 5 . . 1 Crush . | . . . . . Escape Stasis . | . . . . . Rewire . | . . . . . Trap . | . . . . . Miscellaneous . | . . . . . Route ------- -11/Scrapyard -10/Materials (discovered 3 exits: *Mat / *Min x2) -10/Mines (discovered 2 exits: *Mat x2) -9/Materials -9/Storage History --------- Turn | Location | Event 9 | -11/Scrapyard | Discovered new exit (range 16) 139 | -11/Scrapyard | Entered Materials 140 | -10/Materials | Met a group of wandering Federalists 318 | -10/Materials | Build established: Mutant 320 | -10/Materials | Core integrity fell below 50% 342 | -10/Materials | Discovered new exit (range 8) 353 | -10/Materials | Core integrity fell below 20% 374 | -10/Materials | Lost 5 parts (1p2n2w) 501 | -10/Materials | Discovered new exit (range 4) 507 | -10/Materials | Discovered new exit (range 15) 507 | -10/Materials | Entered Mines 514 | -10/Mines | Received a Rocket Launcher from a helpful Derelict 547 | -10/Mines | Discovered new exit (range 13) 613 | -10/Mines | Found the Drone Emporium 621 | -10/Mines | Found Prototype Device 642 | -10/Mines | Build established: Scavenger-Mutant 754 | -10/Mines | Learned location of Zion (-7) 754 | -10/Mines | Assisted by bots powering up and referring to "LRC-V3" 776 | -10/Mines | Discovered new exit (range 8) 796 | -10/Mines | Entered Materials 796 | -9/Materials | Accompanied by 3 allies 796 | -9/Materials | Evolved 2 slots: Propulsion x2 1083 | -9/Materials | Identified Splice Drone Bay 1117 | -9/Materials | Discovered new exit (range 4) 1202 | -9/Materials | Entered Storage 1715 | -9/Storage | Core integrity fell below 50% 1724 | -9/Storage | Self-destructed Last Messages --------------- R-06 Scavenger collects Lgt. Armor Plating. R-06 Scavenger collects Beam Rifle. R-06 Scavenger collects Heat Sink. R-06 Scavenger collects Hvy. Assault Rifle. Overheating: Matter decay (-51). G-47 Trooper overheating. G-47 Trooper heat damages Aluminum Leg, Particle Gun, Aluminum Leg, Imp. Heat Sink. G-47 Trooper suffers critical hit (Burn). Lgt. Nuclear Core melted. G-47 Trooper destroyed. Overheating: Aluminum Leg damaged (-43). Acquired 40 matter. Acquired 11 matter. K-01 Serf collects debris. Connecting with Door Terminal... Critical hit (Burn: +37). Y-45 Defender destroyed. Switching to secondary target: Y-45 Defender. Med. Laser destroyed. Map ----- +----------------------------------------------------+ | # #?# #??????????? | | ## ### #??????????? | | " # ## #??????????? | | "" # ## #??????????? | | "" !**# ## #??????????? | | "" ! # ?# #??????????? | | "" % ## #?# #??????????? | | *## #?# % #??????????? | | ######+## ####+####+######?????? | | #### % #?????? | | #?????? | | ####+##### ############# #?????? | | ?? ???#+############# #?????? | | ???# # #?????? | | ? Y??# """" """" ! + #?????? | | ??!! "??# """" """" # #?????? | | ? ! ?# """" """" # #?????? | | ? ?# """" """" # #???? # | | # + #??"" # | | ##############" "####### ^# """ # | | ?????????????#"R"#?????# + """ # | | ?????????????#"""#?????## # # | | ?????????????#####??????# # """ # | | ????????????????????????#!+ """ # | | ????????????????????????#%# """ # | | ????????????????????????#@#?? # | | ????????????????????????# #????#? | | ????????????????????????# #?????? | | ????????????????????????#Y#?????? | | ???????????????????????? ?????? | | ???????????????????????? ?????? | | ??????????????????????? r ????? | | ??????????????????????? ????? | | ?????????????????????? ???? | | ?????????????????????? #???? | | ????????????????????? #???? | | ????????????????????? #???? | | ???????????????????? #???? | | ????????????????????####+####???? | | ???????????????????????? ???????? | | ???????????????????????? ???????? | | ????????????????????????????????? | | ????????????????????????????????? | | ????????????????????????????????? | | ????????????????????????????????? | | ????????????????????????????????? | | ????????????????????????????????? | | ????????????????????????????????? | | ????????????????????????????????? | | ????????????????????????????????? | +----------------------------------------------------+ Best States ------------- Heat Dissipation 28 Energy Generation 12 Energy Capacity 350 Matter Stores 300 Matter Capacity 300 Sight Range 16 Robot Scan Range 14 Terrain Scan Density 10 Evasion (%) 55 Item Schematics ----------------- None Robot Schematics ------------------ None Fabricated ------------ Nothing Repaired ---------- Nothing Alien Tech Used ----------------- None Achievements -------------- None Challenges ------------ None Game ------ Seed ScrapoidDeliveryShearcannon Manual? 0 Play Time 00:23:48 Cumulative 1.7 hours Start 2025.10.07 @ 12:24:45 End 2025.10.10 @ 21:03:20 Sessions 3 Manual Loads 0 Difficulty Rogue Special Mode None Game No. 3 Rogue 3 Adventurer 0 Explorer 0 Win Type - Total 0 Types 0/0/0/0/0/0/0/0/0/0 Lore% 1 Gallery% 3 Achievement% 3 Wizard Run 0 Options --------- Layout 1 ASCII 0 Keyboard 0 Movement Mouse Keybinds 0 Fullscreen 1 Font 32/Smallcaps Map View 50x35 Zoom Use 88% Tactical HUD 0 Map Filters NONE Filters NONE Steam 1 RUN: 4ec0e806-94dd-4e02-8613-58a655a45c27